Map: Galactic Process LE

Players

SnyperStar

  • Race: Terran Terran
  • League: Silver
  • Spawn Location: 7:00

Fropez - Winner!

  • Race: Protoss Protoss
  • League: Gold
  • Spawn Location: 1:00

VOD

Have the link to the VOD?

Description

Time

  • Played on: Oct. 14, 2016, 3:17 p.m.
  • Length: 13:38
Show
View Real Time Build Order
Export as new Build Order

SnyperStar Terran 

Build Orders:  

Get SALT Encoding   

  12  0:02  SCV  
  13  0:16  Supply Depot  
  13  0:18  SCV  
  14  0:30  SCV  
  15  0:42  SCV  
  16  0:54  SCV  
  17  1:00  Barracks  
  17  1:06  SCV  
  17  1:07  Barracks  
  18  1:16  Refinery  
  18  1:18  SCV  
  19  1:30  SCV  
  20  1:51  Marine, Supply Depot  
  21  1:54  Marine  
  21  2:01  Orbital Command  
  22  2:09  Marine  
  23  2:17  Bunker  
  23  2:33  Supply Depot  
  23  2:42  Factory  
  23  2:45  Barracks Tech Lab  
  23  2:54  Marine  
  23  2:55  SCV  
  25  3:07  SCV  
  25  3:08  Marauder  
  28  3:16  Marine  
  28  3:19  SCV  
  30  3:23  Supply Depot  
  30  3:29  Factory Tech Lab, Refinery  
  30  3:34  Marine  
  30  3:38  Concussive Shells, Engineering Bay  
  31  3:45  Marauder  
  33  3:52  Marine  
  34  4:06  Marine  
  34  4:10  Marine  
  35  4:21  Command Center  
  35  4:24  Marine  
  35  4:25  Siege Tank  
  35  4:27  Marine  
  40  4:37  Sensor Tower  
  40  4:57  Marine, Marauder  
  43  5:18  Marauder  
  44  5:23  Missile Turret  
  43  5:39  Marauder  
  35  5:58  Siege Tank  
  38  6:06  Missile Turret  
  38  6:12  SCV  
  38  6:13  SCV  
  38  6:18  Bunker  
  40  6:24  SCV  
  42  6:30  Siege Tank  
  43  6:50  SCV, Bunker  
  44  6:55  Terran Infantry Weapons Level 1  
  44  6:57  Stimpack  
  44  7:00  Marine, Marauder  
  47  7:02  SCV  
  48  7:14  SCV  
  46  7:21  Marauder  
  48  7:26  SCV  
  49  7:33  SCV  
  50  7:38  SCV  
  50  7:40  Widow Mine  
  50  7:42  Marauder  
  55  7:45  SCV  
  55  7:46  Missile Turret  
  55  7:51  SCV  
  57  7:54  Missile Turret  
  57  7:57  SCV  
  58  8:03  SCV  
  58  8:04  Bunker  
  59  8:09  SCV  
  59  8:12  Marine, Marauder  
  63  8:15  SCV  
  64  8:21  SCV  
  64  8:26  Widow Mine  
  67  8:27  SCV  
  67  8:34  Marauder  
  70  8:39  SCV  
  70  8:41  Missile Turret  
  71  8:48  Refinery  
  71  8:49  Refinery  
  71  8:50  Terran Infantry Armor Level 1  
  71  8:55  Marauder  
  73  9:04  Command Center  
  73  9:08  Orbital Command  
  73  9:26  Missile Turret  
  73  9:29  Marine, Marauder  
  76  9:42  Missile Turret  
  76  9:46  Marine  
  76  9:47  SCV  
  78  10:05  Supply Depot  
  78  10:07  Supply Depot  
  78  10:09  Marine x2  
  77  10:20  Missile Turret  
  77  10:23  Orbital Command  
  77  10:25  Refinery  
  77  10:27  Marine x2  
  79  10:28  Refinery  
  79  10:30  Missile Turret  
  79  10:31  Supply Depot  
  79  10:36  Siege Tank  
  82  10:44  Marine x2  
  82  10:47  Missile Turret  
  84  10:59  Starport  
  84  11:02  Marine  
  85  11:05  Armory  
  85  11:07  Hi-Sec Auto Tracking  
  85  11:08  Siege Tank, Marine  
  89  11:26  Marine  
  89  11:32  Bunker  
  90  11:43  Starport Tech Lab  
  90  11:44  Marine  
  90  11:46  Marauder  
  86  12:02  Marine  
  86  12:03  Bunker  
  86  12:07  Marauder  
  87  12:09  Missile Turret  
  87  12:16  Raven  
  87  12:19  Marine  
  87  12:21  Siege Tank  
  91  12:28  Marine  
  70  12:37  Marine  
  66  12:46  Marine  
  67  12:54  Siege Tank  
  67  12:55  Marine  
  67  12:56  SCV  
  72  13:04  Marine  
  75  13:08  SCV  
  76  13:17  Bunker  
  73  13:20  SCV  
Show
View Real Time Build Order
Export as new Build Order

Fropez Protoss - Winner!

Build Orders: 1 Gate Expand 

Get SALT Encoding   

  12  0:01  Probe (Chrono Boost)  
  13  0:11  Probe (Chrono Boost)  
  14  0:19  Pylon  
  14  0:22  Probe (Chrono Boost)  
  15  0:37  Probe (Chrono Boost)  
  15  0:40  Gateway  
  16  0:47  Probe (Chrono Boost)  
  16  0:49  Assimilator  
  17  0:58  Probe (Chrono Boost)  
  18  1:11  Probe (Chrono Boost)  
  19  1:27  Nexus  
  19  1:42  Probe (Chrono Boost)  
  20  1:55  Probe (Chrono Boost)  
  20  2:00  Assimilator  
  21  2:05  Cybernetics Core  
  21  2:09  Gateway  
  21  2:12  Probe (Chrono Boost)  
  22  2:22  Probe (Chrono Boost)  
  23  2:25  Pylon  
  22  2:33  Pylon  
  23  2:42  Mothership Core (Chrono Boost)  
  23  2:43  Adept  
  26  2:47  Probe (Chrono Boost)  
  26  2:48  Warp Gate (Chrono Boost)  
  27  2:57  Twilight Council  
  27  3:00  Probe (Chrono Boost)  
  27  3:01  Probe (Chrono Boost)  
  27  3:05  Adept  
  31  3:11  Probe (Chrono Boost)  
  32  3:15  Adept  
  34  3:24  Resonating Glaives (Chrono Boost)  
  34  3:32  Adept  
  36  3:37  Probe (Chrono Boost)  
  36  3:38  Probe  
  38  3:47  Gateway  
  38  3:51  Gateway  
  38  3:52  Probe  
  39  4:01  Probe  
  40  4:20  Probe x2  
  42  4:24  Assimilator  
  42  4:27  Pylon  
  42  4:34  Pylon  
  42  4:35  Probe  
  42  4:36  Probe  
  42  4:37  Gateway  
  44  4:41  Pylon  
  44  4:47  Probe  
  44  4:49  Adept x4  
  53  5:00  Probe  
  53  5:01  Probe  
  55  5:08  Gateway  
  55  5:12  Adept x2  
  55  5:13  Adept  
  57  5:20  Pylon  
  57  5:23  Pylon  
  55  5:35  Adept x3  
  55  5:36  Adept  
  59  5:58  Adept x3  
  65  6:14  Robotics Facility  
  65  6:16  Pylon  
  65  6:18  Gateway  
  65  6:24  Gateway  
  65  6:35  Adept x5  
  75  6:41  Probe x2, Assimilator  
  77  6:53  Probe  
  77  6:54  Nexus  
  78  6:58  Pylon, Probe  
  79  7:06  Dark Shrine  
  67  7:27  Warp Prism  
  69  7:31  Forge  
  69  7:35  Adept x3  
  69  7:36  Adept x3  
  81  7:42  Probe x2  
  83  7:50  Pylon  
  83  7:51  Blink  
  83  7:54  Pylon  
  83  7:58  Pylon  
  83  8:02  Pylon  
  83  8:04  Observer, Protoss Ground Weapons Level 1 (Chrono Boost)  
  84  8:12  Probe  
  85  8:13  Probe  
  85  8:17  Probe  
  87  8:22  Dark Templar x2  
  87  8:23  Dark Templar x3  
  97  8:40  Dark Templar  
  99  8:41  Probe  
  99  8:42  Probe x2  
  102  8:54  Probe  
  103  9:03  Probe  
  103  9:04  Probe  
  103  9:11  Warp Prism  
  103  9:16  Stalker  
  107  9:17  Stalker x6  
  107  9:19  Probe  
  107  9:20  Probe  
  107  9:21  Probe, Assimilator  
  122  9:24  Assimilator  
  122  9:39  Nexus  
  122  9:46  Pylon, Protoss Ground Weapons Level 2 (Chrono Boost)  
  122  9:48  Observer  
  119  10:40  Stargate  
  119  10:41  Stargate  
  119  10:42  Stargate  
  119  10:45  Assimilator  
  119  10:47  Assimilator  
  119  10:48  Pylon  
  119  10:49  Probe  
  119  10:50  Probe x2  
  119  10:52  Photon Cannon  
  119  10:53  Photon Cannon  
  119  10:55  Photon Cannon  
  126  10:57  Immortal  
  126  10:58  Photon Cannon  
  126  11:00  Adept x3, Pylon  
  126  11:01  Adept x5  
  142  11:17  Gateway x2  
  142  11:20  Gateway  
  142  11:21  Gateway x2  
  142  11:25  Pylon  
  142  11:28  Dark Templar x3  
  128  12:34  Adept x4  
  128  12:35  Adept x4  
  116  13:10  Fleet Beacon  
  116  13:11  Adept x3  
  116  13:12  Adept x5  
  132  13:15  Nexus  
  132  13:19  Assimilator  
  132  13:22  Assimilator  
  132  13:24  Pylon  
  138  13:27  Pylon  
Tags
 
Add a new tag
Caveats
  • Supply blocks, unpowered buildings, or Contaminate may cause inaccurate times.
  • Supply counts are checked every 10 seconds.